 Dungeon Crawl Stone Soup version 0.26.1-2-gb8aa6d0cf2 (webtiles) character file.

Game seed: 15728997223432438309

1881 Marvel the Ruffian (level 8, -8/75 HPs)
             Began as a Troll Fighter on Feb 27, 2021.
             Killed from afar by an electric eel (13 damage)
             ... with a bolt of electricity
             ... on level 6 of the Dungeon.
             The game lasted 00:08:38 (4632 turns).

Marvel the Ruffian (Troll Fighter)                  Turns: 4632, Time: 00:08:39

Health: -8/75      AC:  8    Str: 27      XL:     8   Next: 91%
Magic:  7/7        EV: 10    Int:  2 (4)  God:
Gold:   122        SH: 10    Dex:  9      Spells: 7/7 levels left

rFire    . . .     SeeInvis .     - Unarmed
rCold    . . .     Faith    .   b - +0 kite shield
rNeg     . . .     Spirit   .   a - +0 robe
rPois    .         Reflect  .   o - +2 hat
rElec    .         Harm     .   (no cloak)
rCorr    .         Rampage  .   (gloves unavailable)
Will     ++...                  (boots unavailable)
Stlth    +++.......             (no amulet)
HPRegen  0.62/turn              j - ring of willpower
MPRegen  0.10/turn              n - ring of stealth

@: no status effects
A: large, unfitting armour, claws 3, strong-willed 1, regeneration 1, shaggy fur
1, tough skin 3, sturdy frame 1
a: no special abilities


You were on level 6 of the Dungeon.
You visited 1 branch of the dungeon, and saw 6 of its levels.

You collected 297 gold pieces.
You spent 175 gold pieces at shops.

Inventory:

Armour
 a - a +0 robe (worn)
 b - a +0 kite shield (worn)
 o - a +2 hat (worn)
Jewellery
 j - a ring of willpower (left claw)
 n - a ring of stealth (right claw)
 u - a cursed ring of attention {unknown}
Wands
 i - a wand of iceblast (8)
 m - a wand of acid (5)
 p - a wand of random effects (15)
 s - a wand of flame (17)
Scrolls
 d - 7 scrolls of remove curse
 e - 3 scrolls of enchant armour {unknown}
 f - a scroll of amnesia {unknown}
 g - 13 scrolls of identify
 q - 4 scrolls of teleportation {unknown}
 r - a scroll of enchant weapon
 t - a scroll of fear {unknown}
Potions
 c - a potion of might
 h - 2 potions of curing {unknown}
 k - a potion of heal wounds
 l - a potion of mutation


   Skills:
 + Level 3.4 Fighting
 + Level 4.5 Dodging
 + Level 2.2 Stealth
 + Level 5.4 Shields
 + Level 7.6 Unarmed Combat


You had 7 spell levels left.
You didn't know any spells.
Your spell library contained the following spells:

 Spells                   Type           Power        Failure   Level
 Corona                   Hex            0%           80%         1
 Summon Small Mammal      Summ           0%           80%         1
 Call Imp                 Summ           0%           91%         2
 Ensorcelled Hibernation  Hex/Ice        0%           91%         2
 Call Canine Familiar     Summ           0%           99%         3
 Confusing Touch          Hex            0%           99%         3
 Dazzling Flash           Conj/Hex       0%           99%         3
 Summon Guardian Golem    Hex/Summ       0%           99%         3
 Tukima's Dance           Hex            0%           99%         3
 Summon Ice Beast         Ice/Summ       0%           100%        4
 Summon Lightning Spire   Summ/Air       0%           100%        4


Dungeon Overview and Level Annotations

Branches:
Dungeon (6/15)             Temple (0/1) D:5

Altars:
Dithmenos
Makhleb
Nemelex Xobeh
Trog
The Shining One

Shops:
D:5 ?


Innate Abilities, Weirdness & Mutations

You are too large for most types of armour.
You have claws for hands.
Your natural rate of healing is unusually fast.
You are covered in fur. (AC +1)
You have extremely tough skin. (AC +3)
You are strong-willed. (Will+)
Your movements are slightly less encumbered by armour. (ER -2)


Message History

The electric eel shoots out a bolt of lightning at you!
The bolt of electricity hits the plant!
The plant begins to die.
The bolt of electricity hits you!
The electric eel shoots out a bolt of lightning at you!
The bolt of electricity hits the electric eel.
The electric eel completely resists.
The bolt of electricity hits the plant!
The bolt of electricity hits you!
The electric eel shoots out a bolt of lightning at you!
The bolt of electricity hits the plant!
The bolt of electricity hits you!
The electric eel shoots out a bolt of lightning at you!
The bolt of electricity hits you!
The electric eel shoots out a bolt of lightning at you!
The bolt of electricity hits the plant!
The bolt of electricity hits you!
* * * LOW HITPOINT WARNING * * *
The electric eel shoots out a bolt of lightning at you!
The bolt of electricity hits the plant!
The bolt of electricity hits you!
* * * LOW HITPOINT WARNING * * *
The electric eel shoots out a bolt of lightning at you!
The bolt of electricity hits the plant!
The bolt of electricity hits you!
You die...

##### ### ###
##...###..
##.########.........
#..#..P..≈##'#####..
#)#@..P≈[;≈#.# #..
#.#....P;)≈#.# #..
##≈#...≈P≈;≈#≈# #..
#≈≈##...(?≈##≈# #..
##≈##########≈## #..
#..# .≈?.≈##≈## ##.
#.#+ ..P(≈;#.# #.
#≈# ...$.;#.# ##.
#≈# .PP≈≈;#.# #..


You could see 3 electric eels.

Vanquished Creatures
  Pikel (D:5)
  Grinder (D:5)
  A water moccasin (D:4)
  Duvessa (D:5)
  An ogre (D:4)
  A centaur (D:6)
  Dowan (D:5)
  A scorpion (D:5)
  A jelly (D:6)
  A gnoll shaman (D:5)
  2 hounds (D:4)
  2 orc priests
  A centaur skeleton (D:4)
  3 orc wizards
  A bullfrog skeleton (D:5)
  Ijyb (D:5)
  4 worker ants
  A hound zombie (D:6)
  A hound skeleton (D:5)
  5 gnolls
  10 adders
  2 shadow imps
  An ufetubus (D:6)
  3 oozes
  5 worms
  An adder zombie (D:5)
  2 dart slugs
  2 leopard geckos (D:3)
  12 orcs
  A ball python (D:4)
  3 giant cockroaches
  8 goblins
  6 hobgoblins
  14 jackals
  2 quokkas
  10 bats
  5 frilled lizards
  12 kobolds
  6 rats
136 creatures vanquished.

Vanquished Creatures (others)
  A wizard (D:4)
1 creature vanquished.

Grand Total: 137 creatures vanquished

Notes
Turn   | Place    | Note
-------+----------+-------------------------------------------
     0 | D:1      | Marvel the Troll Fighter began the quest for the Orb.
     0 | D:1      | Reached XP level 1. HP: 22/22 MP: 0/0
   150 | D:1      | Reached XP level 2. HP: 29/29 MP: 1/1
   406 | D:1      | Reached XP level 3. HP: 36/36 MP: 2/2
  1267 | D:2      | Reached XP level 4. HP: 44/44 MP: 3/3
  1284 | D:2      | Reached skill level 3 in Unarmed Combat
  1972 | D:3      | Reached XP level 5. HP: 38/50 MP: 4/4
  2035 | D:3      | Found a faded altar of an unknown god.
  2255 | D:3      | Found a glowing golden altar of the Shining One.
  2448 | D:4      | Reached skill level 1 in Stealth
  2448 | D:4      | Reached skill level 4 in Unarmed Combat
  2558 | D:4      | Reached XP level 6. HP: 59/59 MP: 5/5
  2894 | D:4      | Reached skill level 5 in Unarmed Combat
  2920 | D:4      | Found a bloodstained altar of Trog.
  2921 | D:4      | Noticed a wizard
  2927 | D:4      | Killed a wizard
  3192 | D:5      | Entered Level 5 of the Dungeon
  3214 | D:5      | Found Atroen's Magic Scroll Shop.
  3276 | D:5      | Reached XP level 7. HP: 55/66 MP: 6/6
  3314 | D:5      | Bought a scroll of enchant weapon for 105 gold pieces
  3314 | D:5      | Bought a scroll of remove curse for 42 gold pieces
  3314 | D:5      | Bought a scroll of identify for 28 gold pieces
  3356 | D:5      | Found a sparkling altar of Nemelex Xobeh.
  3367 | D:5      | Found a burning altar of Makhleb.
  3373 | D:5      | Found a shadowy altar of Dithmenos.
  3409 | D:5      | Found a staircase to the Ecumenical Temple.
  3671 | D:5      | Noticed Duvessa
  3671 | D:5      | Noticed Dowan
  3673 | D:5      | Noticed Grinder
  3872 | D:5      | Killed Duvessa
  3882 | D:5      | Killed Grinder
  3883 | D:5      | Reached skill level 6 in Unarmed Combat
  3883 | D:5      | Reached XP level 8. HP: 61/75 MP: 7/7
  3886 | D:5      | Killed Dowan
  4033 | D:5      | Noticed Ijyb
  4049 | D:5      | Noticed Pikel
  4053 | D:5      | Killed Ijyb
  4060 | D:5      | Gained mutation: Your movements are slightly less
                  | encumbered by armour. (ER -2) [potion of mutation]
  4060 | D:5      | Gained mutation: You are strong-willed. (Will+) [potion of
                  | mutation]
  4076 | D:5      | Killed Pikel
  4077 | D:5      | Reached skill level 5 in Shields
  4077 | D:5      | Reached skill level 7 in Unarmed Combat
  4632 | D:6      | Killed from afar by an electric eel

Illustrated notes

Levels and vault maps discovered:
D:1:      denvon_arrival_planthouse, layout_basic, dk_noncrumbling_3
D:2:      minmay_diamond_boxcup, layout_loops_cross, minmay_pentomino_z4
D:3:      layout_basic, chequers_ecumenical_altar_simple, chequers_avenue,
          nicolae_tso_carved_into_rock
D:4:      layout_loops_cross, trog_wizard
D:5:      cheibrodos_helix_gallery, layout_loops_ring,
          minmay_overflow_temple_star_quad, temple_pool_b, serial_shops,
          nicolae_shop_crystal, uniq_ijyb, uniq_pikel, uniq_duvessa,
          uniq_grinder
D:6:      cheibrodos_two_vegetables, layout_basic, kennysheep_ying_yang

Skill      XL: |  1  2  3  4  5  6  7  8 |
---------------+-------------------------+-----
Shields        | 3 4 5 |  5.4
Unarmed Combat | 3 4 5 6 7 |  7.6
Dodging        | 3 4 |  4.5
Stealth        | 1 2 |  2.2
Fighting       | 3 |  3.4

Action                   |  1- 3 |  4- 6 |  7- 9 || total
-------------------------+-------+-------+-------++-------
Melee: Unarmed           |   109 |   191 |   136 ||   436
  Use: Potion            |       |       |     4 ||     4
 Stab: Sleeping          |       |     9 |     6 ||    15
Armor: Robe              |    37 |    44 |    31 ||   112
       Skin              |       |       |    10 ||    10
Dodge: Dodged            |    37 |    58 |    40 ||   135
Block: Kite shield       |    51 |    80 |    70 ||   201
